 Dungeon Crawl Stone Soup version 0.31-a0-1071-gaead2f62b1 (webtiles) character file.

Game seed: 10874393951390538504

21 wildpjah the Ducker (level 2, -1/22 HPs)
             Began as a Merfolk Gladiator on Nov 25, 2023.
             Killed by nerve-wracking pain
             ... invoked by an orc priest
              (13 damage)
             ... on level 4 of the Dungeon.
             The game lasted 00:01:11 (1379 turns).

wildpjah the Ducker (Merfolk Gladiator)             Turns: 1379, Time: 00:01:12

Health: -1/22      AC:  4    Str: 14    XL:     2   Next: 83%
Magic:  2/2        EV: 13    Int:  7    God:
Gold:   89         SH:  0    Dex: 15    Spells: 1/1 levels left

rFire   . . .        a - +0 long sword
rCold   . . .        (no shield)
rNeg    . . .        b - +0 leather armour
rPois   .            c - +0 helmet
rElec   .            (no cloak)
rCorr   .            (no gloves)
SInv    .            (no boots)
Will    .....        (no amulet)
Stlth   +            (no ring)
HPRegen 0.23/turn    (no ring)
MPRegen 0.08/turn

%: no passive effects
@: no status effects
A: (nimble swimmer 2), mertail
a: no special abilities


You were on level 4 of the Dungeon.
You visited 1 branch of the dungeon, and saw 3 of its levels.

You collected 89 gold pieces.

Inventory:

Hand Weapons
 a - a +0 long sword (weapon)
Missiles
 d - 3 throwing nets (quivered)
 e - a javelin
Armour
 b - a +0 leather armour (worn)
 c - a +0 helmet (worn)
Scrolls
 g - a scroll of amnesia {unknown}
Potions
 f - a potion of might {unknown}
 h - a potion of berserk rage {unknown}
 i - a potion of resistance {unknown}
 k - a potion of heal wounds {unknown}


   Skills:
 + Level 2.2 Fighting
 + Level 4.3 Long Blades
 + Level 2.0 Throwing
 + Level 0.1 Armour
 + Level 4.4 Dodging
 + Level 0.8 Stealth


You had one spell level left.
You didn't know any spells.
Your spell library was empty.

Dungeon Overview and Level Annotations

Branches:
Dungeon (2/15)

Altars:

Annotations:
D:4 1 runed translucent door, Pokonic1's ghost, amateur DsFE


Innate Abilities, Weirdness & Mutations

((You are very nimble when in or above water. (Stealth+, EV+, Speed+++)))
Your lower body shifts to a powerful aquatic tail in water.


Message History

You start resting.
HP restored.
You open the door.
A kobold comes into view. It is wielding a +0 whip of flaming.
The kobold shouts!
There is an open door here.
You hit the kobold.
You kill the kobold!
Things that are here:
a +0 whip of flaming; a kobold corpse
j - a +0 whip of flaming
Found a stone staircase leading down.
There is a stone staircase leading down here.
k - a fizzy sapphire potion
Okay, then.
You drop a +0 whip of flaming.
Found an escape hatch in the floor.
Found a morningstar.
You see here a +0 morningstar.
A scorpion comes into view.
An orc comes into view. It is wielding a +0 hand axe.
The orc shouts!
You hear a shout! x2
An orc wizard comes into view. It is wielding a +0 dagger.
An orc priest comes into view. It is wielding a +0 hand axe.
An orc comes into view. It is wielding a +0 whip.
The orc priest shouts!
The orc wizard mumbles some strange words.
The orc wizard flickers and vanishes!
Deactivating autopickup; reactivate with Ctrl-A.
The orc priest invokes the aid of Beogh against you.
Beogh smites you!
Ouch! That really hurt!
You hear a shout!
You closely miss the orc. The orc closely misses you.
You slash the orc!
You kill the orc!
The orc priest invokes the aid of Beogh against you.
Pain shoots through your body!
Ouch! That really hurt!
You die...

........# #. . ........#
#.### # ........####... ###
...........##.# #..
#..##......##.# #.. #
#.........# #.. #......o###
# #.. #........)###.#####
#..
#......###.@......#.######..
##.#...# #.#####.........#..
#.#.#.# #.#.?.# #.# #†#..
#.#.#.# #.#.~.# #.###...#
#.#.#.# #.#.~.# #.#......
..#.#.# #.#.~.# #.#.###..
..#.#.# ###W~.# #.#.##...
#.#.#.######+######.#.##.##
#.#......................


You could see an orc priest.

Vanquished Creatures
  A dart slug (D:4)
  An orc (D:4)
  An endoplasm (D:1)
  A giant cockroach (D:1)
  2 hobgoblins (D:1)
  A quokka (D:1)
  3 ball pythons (D:1)
  A ball python skeleton (D:2)
  A frilled lizard (D:2)
  3 kobolds
  3 rats (D:1)
18 creatures vanquished.

Notes
Turn   | Place    | Note
-------+----------+-------------------------------------------
     0 | D:1      | wildpjah the Merfolk Gladiator began the quest for the Orb.
     0 | D:1      | Reached XP level 1. HP: 16/16 MP: 1/1
   415 | D:1      | Reached XP level 2. HP: 22/22 MP: 2/2
  1160 | D:2      | You fall into a shaft and drop 2 floors!
  1160 | D:4      | Found a runed translucent door.
  1335 | D:4      | Noticed Pokonic1's ghost (amateur DsFE)
  1362 | D:4      | Noticed a scorpion
  1379 | D:4      | Killed from afar by an orc priest

Illustrated notes

Levels and vault maps discovered:
D:1:      mrwooster_arrival_statue_3, layout_basic
D:2:      kb_forest_paths, layout_basic, serial_undead, serial_undead_c,
          serial_undead_c, serial_undead_a, serial_undead_f, uniq_terence
D:4:      layout_basic, ebering_ghost_reflecting_pool, uniq_pikel, uniq_sigmund,
          uniq_eustachio

Skill      XL: |  1  2 |
---------------+-------+-----
Long Blades    | 4 |  4.3
Fighting       | |  2.2
Throwing       | |  2.0
Armour         | |  0.1
Dodging        | |  4.4
Stealth        | |  0.8

Action                     || total
---------------------------++-------
  Melee: Long sword        ||    50
   Stab: Sleeping          ||     2
 Armour: Leather armour    ||    23
  Dodge: Dodged            ||    36

Table legend: (Time is in decaauts)
 A = Elapsed time spent in this place.
 B = Non-inter-level travel time spent in this place.
 C = Inter-level travel time spent in this place.
 D = Time resting spent in this place.
 E = Time spent auto-exploring this place.
 F = Levels seen in this place.
 G = Mean time per level.
                   A        B        C        D        E       F      G
               +--------+--------+--------+--------+--------+-----+--------+
         Total |   1388 |   1331 |     57 |     32 |   1136 |   3 |  462.7 |
       Dungeon |   1388 |   1331 |     57 |     32 |   1136 |   3 |  462.7 |
               +--------+--------+--------+--------+--------+-----+--------+

Top non-repeatable levels by time:
     D:1: 1135 daAuts
     D:4: 220 daAuts
     D:2: 33 daAuts
